 Dungeon Crawl Stone Soup version 0.21-a0-2-ge494091 (webtiles) character file.

23 ArtsTyrian the Chopper (level 3, -2/19 HPs)
             Began as a Vine Stalker Wanderer on May 22, 2017.
             Slain by Sigmund
             ... wielding a +0 scythe
              (7 damage)
             ... on level 2 of the Dungeon.
             The game lasted 00:03:18 (694 turns).

ArtsTyrian the Chopper (Vine Stalker Wanderer)       Turns: 694, Time: 00:03:19

Health: -2/19      AC:  8    Str: 13    XL:     3   Next: 0%
Magic:  0/4        EV:  8    Int: 13    God:
Gold:   80         SH:  0    Dex: 14    Spells: 2/2 levels left

rFire    + . .     SeeInvis +     - Unarmed
rCold    + . .     Gourm    .   (no shield)
rNeg     . . .     Faith    .   a - +2 scale mail
rPois    .         Spirit   +   (no helmet)
rElec    .         Reflect  .   k - scarf {rC+ rF+}
rCorr    .         Harm     .   (no gloves)
MR       +....                  (no boots)
Stlth    ..........             (no amulet)
Regen    0.1/turn               c - ring of see invisible
MPRegen  0.1/turn               j - ring of protection from magic

@: no status effects
A: fangs 2, magic shield, antimagic bite, no potion heal 3, rot immunity
a: no special abilities


You were on level 2 of the Dungeon.
You were not hungry.

You visited 1 branch of the dungeon, and saw 2 of its levels.

You collected 80 gold pieces.

Inventory:

Missiles
 h - 29 stones (quivered)
Armour
 a - a +2 scale mail (worn)
 k - a scarf of resistance (worn)
Jewellery
 c - a ring of see invisible (left hand)
 j - a ring of protection from magic (right hand)
Scrolls
 d - 2 scrolls of identify {unknown}
 e - 3 scrolls of recharging {unknown}
 g - a scroll of enchant armour {unknown}
Potions
 b - a potion of curing
 i - a potion of might {unknown}
Comestibles
 f - a bread ration


   Skills:
 + Level 2.6 Fighting
   Level 3.6 Axes
 - Level 1.7 Throwing
 - Level 1.5 Armour
 + Level 1.2 Unarmed Combat


You had 2 spell levels left.
You didn't know any spells.

Dungeon Overview and Level Annotations

Branches:
Dungeon (2/15)

Altars:

Annotations:
D:2 Sigmund


Innate Abilities, Weirdness & Mutations

You have extremely sharp teeth.
When hurt, damage is shared between your health and your magic reserves.
Your bite disrupts and absorbs the magic of your enemies.
Potions cannot restore your health.
You are immune to rotting.


Message History

You have reached level 3!
Your experience leads to an increase in your attributes!
Increase (S)trength, (I)ntelligence, or (D)exterity?
You feel stronger. Sigmund barely misses you. Sigmund hits you with a scythe.
You hit Sigmund. Your bite misses Sigmund.
Sigmund is lightly wounded.
You closely miss Sigmund. You bite Sigmund, but do no damage.
Sigmund is lightly wounded.
Sigmund hits you but does no damage.
Your scale mail prevents you from hitting Sigmund.
Your bite misses Sigmund.
Sigmund points at you and mumbles some strange words.
The puff of flame hits you! You resist.
* * * LOW HITPOINT WARNING * * *
You hit Sigmund. You bite Sigmund, but do no damage.
Sigmund is lightly wounded.
Sigmund hits you with a scythe!
You die...

#.......######..........
######### #.#.######.
#.#..#### #
####.......##.#
#......!......#
#..........##.#
##..........#
............##
.......@)..[.#
.......@.....#
....##.......# ....
........# #.. .........#
..........# ...........#
###########.#


You could see Sigmund.

Vanquished Creatures
  A dart slug (D:1)
  A leopard gecko (D:1)
  A ball python (D:1)
  A giant cockroach (D:1)
  6 hobgoblins
  2 kobolds (D:1)
  A bat (D:1)
  3 frilled lizards (D:1)
  3 rats (D:1)
19 creatures vanquished.

Notes
Turn   | Place    | Note
-------+----------+-------------------------------------------
     0 | D:1      | ArtsTyrian the Vine Stalker Wanderer began the quest for the Orb.
     0 | D:1      | ArtsTyrian set off with: a +2 scale mail, a potion of curing, 7 poisoned needles, a +0 blowgun, a bread ration
     0 | D:1      | Reached XP level 1. HP: 11/11 MP: 2/2
   114 | D:1      | Reached XP level 2. HP: 12/15 MP: 3/3
   373 | D:1      | Reached skill level 1 in Unarmed Combat
   681 | D:2      | Noticed Sigmund
   689 | D:2      | Reached XP level 3. HP: 9/19 MP: 4/4
   694 | D:2      | Slain by Sigmund

Vault maps used:
D:1:      grunt_arrival_crossed_arrows
D:2:      okawaru_ov_weapons_minmay, uniq_sigmund

Skill      XL: |  1  2 |
---------------+-------+-----
Fighting       | 2 |  2.6
Unarmed Combat | 1 |  1.2
Axes           | |  3.6
Throwing       | |  1.7
Armour         | |  1.5

Action                   || total
-------------------------++-------
Melee: Unarmed           ||    95
       Bite              ||    26
Armor: Scale mail        ||    50
Dodge: Dodged            ||    36
